Workbook

Sheet Painel
A1: Painel Financeiro Pessoal
A2: Ano de referência | B2: 2026
A4: Total de Receitas (ano) | B4: =SUMIFS(Lançamentos!$G$2:$G$201,Lançamentos!$E$2:$E$201,"Receita",Lançamentos!$A$2:$A$201,">="&DATE($B$2,1,1),Lançamentos!$A$2:$A$201,"<="&DATE($B$2,12,31))
A5: Total de Despesas (ano) | B5: =SUMIFS(Lançamentos!$G$2:$G$201,Lançamentos!$E$2:$E$201,"Despesa",Lançamentos!$A$2:$A$201,">="&DATE($B$2,1,1),Lançamentos!$A$2:$A$201,"<="&DATE($B$2,12,31))
A6: Saldo do Ano | B6: =B4-B5
A7: Categoria com Maior Gasto | B7: =INDEX('Resumo Mensal'!$A$3:$A$11,MATCH(MAX('Resumo Mensal'!$N$3:$N$11),'Resumo Mensal'!$N$3:$N$11,0))
A8: Orçamento Médio Usado | B8: =AVERAGE(Orçamento!$D$2:$D$10)
A10: Total gasto por categoria (ano)
A11: Moradia | B11: ='Resumo Mensal'!N3
A12: Alimentação | B12: ='Resumo Mensal'!N4
A13: Transporte | B13: ='Resumo Mensal'!N5
A14: Saúde | B14: ='Resumo Mensal'!N6
A15: Educação | B15: ='Resumo Mensal'!N7
A16: Lazer | B16: ='Resumo Mensal'!N8
A17: Compras | B17: ='Resumo Mensal'!N9
A18: Contas e Serviços | B18: ='Resumo Mensal'!N10
A19: Outros | B19: ='Resumo Mensal'!N11
A21: Feito por TH Consulting — planilhas, Power BI e automação para empresas.
A22: wa.me/5511983590401

Sheet Lançamentos
A1: Data | B1: Categoria | C1: Subcategoria | D1: Forma de Pagamento | E1: Tipo | F1: Descrição | G1: Valor (R$)

Sheet Orçamento
A1: Categoria | B1: Orçamento Mensal (R$) | C1: Gasto no Mês Atual (R$) | D1: % Usado | E1: Situação
A2: Moradia | B2: 500 | C2: =SUMIFS(Lançamentos!$G$2:$G$201,Lançamentos!$B$2:$B$201,A2,Lançamentos!$E$2:$E$201,"Despesa",Lançamentos!$A$2:$A$201,">="&EOMONTH(TODAY(),-1)+1,Lançamentos!$A$2:$A$201,"<="&EOMONTH(TODAY(),0)) | D2: =IFERROR(C2/B2,0) | E2: =IF(D2>1,"Estourou","OK")
A3: Alimentação | B3: 500 | C3: =SUMIFS(Lançamentos!$G$2:$G$201,Lançamentos!$B$2:$B$201,A3,Lançamentos!$E$2:$E$201,"Despesa",Lançamentos!$A$2:$A$201,">="&EOMONTH(TODAY(),-1)+1,Lançamentos!$A$2:$A$201,"<="&EOMONTH(TODAY(),0)) | D3: =IFERROR(C3/B3,0) | E3: =IF(D3>1,"Estourou","OK")
A4: Transporte | B4: 500 | C4: =SUMIFS(Lançamentos!$G$2:$G$201,Lançamentos!$B$2:$B$201,A4,Lançamentos!$E$2:$E$201,"Despesa",Lançamentos!$A$2:$A$201,">="&EOMONTH(TODAY(),-1)+1,Lançamentos!$A$2:$A$201,"<="&EOMONTH(TODAY(),0)) | D4: =IFERROR(C4/B4,0) | E4: =IF(D4>1,"Estourou","OK")
A5: Saúde | B5: 500 | C5: =SUMIFS(Lançamentos!$G$2:$G$201,Lançamentos!$B$2:$B$201,A5,Lançamentos!$E$2:$E$201,"Despesa",Lançamentos!$A$2:$A$201,">="&EOMONTH(TODAY(),-1)+1,Lançamentos!$A$2:$A$201,"<="&EOMONTH(TODAY(),0)) | D5: =IFERROR(C5/B5,0) | E5: =IF(D5>1,"Estourou","OK")
A6: Educação | B6: 500 | C6: =SUMIFS(Lançamentos!$G$2:$G$201,Lançamentos!$B$2:$B$201,A6,Lançamentos!$E$2:$E$201,"Despesa",Lançamentos!$A$2:$A$201,">="&EOMONTH(TODAY(),-1)+1,Lançamentos!$A$2:$A$201,"<="&EOMONTH(TODAY(),0)) | D6: =IFERROR(C6/B6,0) | E6: =IF(D6>1,"Estourou","OK")
A7: Lazer | B7: 500 | C7: =SUMIFS(Lançamentos!$G$2:$G$201,Lançamentos!$B$2:$B$201,A7,Lançamentos!$E$2:$E$201,"Despesa",Lançamentos!$A$2:$A$201,">="&EOMONTH(TODAY(),-1)+1,Lançamentos!$A$2:$A$201,"<="&EOMONTH(TODAY(),0)) | D7: =IFERROR(C7/B7,0) | E7: =IF(D7>1,"Estourou","OK")
A8: Compras | B8: 500 | C8: =SUMIFS(Lançamentos!$G$2:$G$201,Lançamentos!$B$2:$B$201,A8,Lançamentos!$E$2:$E$201,"Despesa",Lançamentos!$A$2:$A$201,">="&EOMONTH(TODAY(),-1)+1,Lançamentos!$A$2:$A$201,"<="&EOMONTH(TODAY(),0)) | D8: =IFERROR(C8/B8,0) | E8: =IF(D8>1,"Estourou","OK")
A9: Contas e Serviços | B9: 500 | C9: =SUMIFS(Lançamentos!$G$2:$G$201,Lançamentos!$B$2:$B$201,A9,Lançamentos!$E$2:$E$201,"Despesa",Lançamentos!$A$2:$A$201,">="&EOMONTH(TODAY(),-1)+1,Lançamentos!$A$2:$A$201,"<="&EOMONTH(TODAY(),0)) | D9: =IFERROR(C9/B9,0) | E9: =IF(D9>1,"Estourou","OK")
A10: Outros | B10: 500 | C10: =SUMIFS(Lançamentos!$G$2:$G$201,Lançamentos!$B$2:$B$201,A10,Lançamentos!$E$2:$E$201,"Despesa",Lançamentos!$A$2:$A$201,">="&EOMONTH(TODAY(),-1)+1,Lançamentos!$A$2:$A$201,"<="&EOMONTH(TODAY(),0)) | D10: =IFERROR(C10/B10,0) | E10: =IF(D10>1,"Estourou","OK")

Sheet Resumo Mensal
A1: Gastos por categoria, mês a mês
A2: Categoria | B2: Jan | C2: Fev | D2: Mar | E2: Abr | F2: Mai | G2: Jun | H2: Jul | I2: Ago | J2: Set | K2: Out | L2: Nov | M2: Dez | N2: Total
A3: Moradia | B3: =SUMIFS(Lançamentos!$G$2:$G$201,Lançamentos!$B$2:$B$201,$A3,Lançamentos!$E$2:$E$201,"Despesa",Lançamentos!$A$2:$A$201,">="&DATE(Painel!$B$2,1,1),Lançamentos!$A$2:$A$201,"<="&EOMONTH(DATE(Painel!$B$2,1,1),0)) | C3: =SUMIFS(Lançamentos!$G$2:$G$201,Lançamentos!$B$2:$B$201,$A3,Lançamentos!$E$2:$E$201,"Despesa",Lançamentos!$A$2:$A$201,">="&DATE(Painel!$B$2,2,1),Lançamentos!$A$2:$A$201,"<="&EOMONTH(DATE(Painel!$B$2,2,1),0)) | D3: =SUMIFS(Lançamentos!$G$2:$G$201,Lançamentos!$B$2:$B$201,$A3,Lançamentos!$E$2:$E$201,"Despesa",Lançamentos!$A$2:$A$201,">="&DATE(Painel!$B$2,3,1),Lançamentos!$A$2:$A$201,"<="&EOMONTH(DATE(Painel!$B$2,3,1),0)) | E3: =SUMIFS(Lançamentos!$G$2:$G$201,Lançamentos!$B$2:$B$201,$A3,Lançamentos!$E$2:$E$201,"Despesa",Lançamentos!$A$2:$A$201,">="&DATE(Painel!$B$2,4,1),Lançamentos!$A$2:$A$201,"<="&EOMONTH(DATE(Painel!$B$2,4,1),0)) | F3: =SUMIFS(Lançamentos!$G$2:$G$201,Lançamentos!$B$2:$B$201,$A3,Lançamentos!$E$2:$E$201,"Despesa",Lançamentos!$A$2:$A$201,">="&DATE(Painel!$B$2,5,1),Lançamentos!$A$2:$A$201,"<="&EOMONTH(DATE(Painel!$B$2,5,1),0)) | G3: =SUMIFS(Lançamentos!$G$2:$G$201,Lançamentos!$B$2:$B$201,$A3,Lançamentos!$E$2:$E$201,"Despesa",Lançamentos!$A$2:$A$201,">="&DATE(Painel!$B$2,6,1),Lançamentos!$A$2:$A$201,"<="&EOMONTH(DATE(Painel!$B$2,6,1),0)) | H3: =SUMIFS(Lançamentos!$G$2:$G$201,Lançamentos!$B$2:$B$201,$A3,Lançamentos!$E$2:$E$201,"Despesa",Lançamentos!$A$2:$A$201,">="&DATE(Painel!$B$2,7,1),Lançamentos!$A$2:$A$201,"<="&EOMONTH(DATE(Painel!$B$2,7,1),0)) | I3: =SUMIFS(Lançamentos!$G$2:$G$201,Lançamentos!$B$2:$B$201,$A3,Lançamentos!$E$2:$E$201,"Despesa",Lançamentos!$A$2:$A$201,">="&DATE(Painel!$B$2,8,1),Lançamentos!$A$2:$A$201,"<="&EOMONTH(DATE(Painel!$B$2,8,1),0)) | J3: =SUMIFS(Lançamentos!$G$2:$G$201,Lançamentos!$B$2:$B$201,$A3,Lançamentos!$E$2:$E$201,"Despesa",Lançamentos!$A$2:$A$201,">="&DATE(Painel!$B$2,9,1),Lançamentos!$A$2:$A$201,"<="&EOMONTH(DATE(Painel!$B$2,9,1),0)) | K3: =SUMIFS(Lançamentos!$G$2:$G$201,Lançamentos!$B$2:$B$201,$A3,Lançamentos!$E$2:$E$201,"Despesa",Lançamentos!$A$2:$A$201,">="&DATE(Painel!$B$2,10,1),Lançamentos!$A$2:$A$201,"<="&EOMONTH(DATE(Painel!$B$2,10,1),0)) | L3: =SUMIFS(Lançamentos!$G$2:$G$201,Lançamentos!$B$2:$B$201,$A3,Lançamentos!$E$2:$E$201,"Despesa",Lançamentos!$A$2:$A$201,">="&DATE(Painel!$B$2,11,1),Lançamentos!$A$2:$A$201,"<="&EOMONTH(DATE(Painel!$B$2,11,1),0)) | M3: =SUMIFS(Lançamentos!$G$2:$G$201,Lançamentos!$B$2:$B$201,$A3,Lançamentos!$E$2:$E$201,"Despesa",Lançamentos!$A$2:$A$201,">="&DATE(Painel!$B$2,12,1),Lançamentos!$A$2:$A$201,"<="&EOMONTH(DATE(Painel!$B$2,12,1),0)) | N3: =SUM(B3:M3)
A4: Alimentação | B4: =SUMIFS(Lançamentos!$G$2:$G$201,Lançamentos!$B$2:$B$201,$A4,Lançamentos!$E$2:$E$201,"Despesa",Lançamentos!$A$2:$A$201,">="&DATE(Painel!$B$2,1,1),Lançamentos!$A$2:$A$201,"<="&EOMONTH(DATE(Painel!$B$2,1,1),0)) | C4: =SUMIFS(Lançamentos!$G$2:$G$201,Lançamentos!$B$2:$B$201,$A4,Lançamentos!$E$2:$E$201,"Despesa",Lançamentos!$A$2:$A$201,">="&DATE(Painel!$B$2,2,1),Lançamentos!$A$2:$A$201,"<="&EOMONTH(DATE(Painel!$B$2,2,1),0)) | D4: =SUMIFS(Lançamentos!$G$2:$G$201,Lançamentos!$B$2:$B$201,$A4,Lançamentos!$E$2:$E$201,"Despesa",Lançamentos!$A$2:$A$201,">="&DATE(Painel!$B$2,3,1),Lançamentos!$A$2:$A$201,"<="&EOMONTH(DATE(Painel!$B$2,3,1),0)) | E4: =SUMIFS(Lançamentos!$G$2:$G$201,Lançamentos!$B$2:$B$201,$A4,Lançamentos!$E$2:$E$201,"Despesa",Lançamentos!$A$2:$A$201,">="&DATE(Painel!$B$2,4,1),Lançamentos!$A$2:$A$201,"<="&EOMONTH(DATE(Painel!$B$2,4,1),0)) | F4: =SUMIFS(Lançamentos!$G$2:$G$201,Lançamentos!$B$2:$B$201,$A4,Lançamentos!$E$2:$E$201,"Despesa",Lançamentos!$A$2:$A$201,">="&DATE(Painel!$B$2,5,1),Lançamentos!$A$2:$A$201,"<="&EOMONTH(DATE(Painel!$B$2,5,1),0)) | G4: =SUMIFS(Lançamentos!$G$2:$G$201,Lançamentos!$B$2:$B$201,$A4,Lançamentos!$E$2:$E$201,"Despesa",Lançamentos!$A$2:$A$201,">="&DATE(Painel!$B$2,6,1),Lançamentos!$A$2:$A$201,"<="&EOMONTH(DATE(Painel!$B$2,6,1),0)) | H4: =SUMIFS(Lançamentos!$G$2:$G$201,Lançamentos!$B$2:$B$201,$A4,Lançamentos!$E$2:$E$201,"Despesa",Lançamentos!$A$2:$A$201,">="&DATE(Painel!$B$2,7,1),Lançamentos!$A$2:$A$201,"<="&EOMONTH(DATE(Painel!$B$2,7,1),0)) | I4: =SUMIFS(Lançamentos!$G$2:$G$201,Lançamentos!$B$2:$B$201,$A4,Lançamentos!$E$2:$E$201,"Despesa",Lançamentos!$A$2:$A$201,">="&DATE(Painel!$B$2,8,1),Lançamentos!$A$2:$A$201,"<="&EOMONTH(DATE(Painel!$B$2,8,1),0)) | J4: =SUMIFS(Lançamentos!$G$2:$G$201,Lançamentos!$B$2:$B$201,$A4,Lançamentos!$E$2:$E$201,"Despesa",Lançamentos!$A$2:$A$201,">="&DATE(Painel!$B$2,9,1),Lançamentos!$A$2:$A$201,"<="&EOMONTH(DATE(Painel!$B$2,9,1),0)) | K4: =SUMIFS(Lançamentos!$G$2:$G$201,Lançamentos!$B$2:$B$201,$A4,Lançamentos!$E$2:$E$201,"Despesa",Lançamentos!$A$2:$A$201,">="&DATE(Painel!$B$2,10,1),Lançamentos!$A$2:$A$201,"<="&EOMONTH(DATE(Painel!$B$2,10,1),0)) | L4: =SUMIFS(Lançamentos!$G$2:$G$201,Lançamentos!$B$2:$B$201,$A4,Lançamentos!$E$2:$E$201,"Despesa",Lançamentos!$A$2:$A$201,">="&DATE(Painel!$B$2,11,1),Lançamentos!$A$2:$A$201,"<="&EOMONTH(DATE(Painel!$B$2,11,1),0)) | M4: =SUMIFS(Lançamentos!$G$2:$G$201,Lançamentos!$B$2:$B$201,$A4,Lançamentos!$E$2:$E$201,"Despesa",Lançamentos!$A$2:$A$201,">="&DATE(Painel!$B$2,12,1),Lançamentos!$A$2:$A$201,"<="&EOMONTH(DATE(Painel!$B$2,12,1),0)) | N4: =SUM(B4:M4)
A5: Transporte | B5: =SUMIFS(Lançamentos!$G$2:$G$201,Lançamentos!$B$2:$B$201,$A5,Lançamentos!$E$2:$E$201,"Despesa",Lançamentos!$A$2:$A$201,">="&DATE(Painel!$B$2,1,1),Lançamentos!$A$2:$A$201,"<="&EOMONTH(DATE(Painel!$B$2,1,1),0)) | C5: =SUMIFS(Lançamentos!$G$2:$G$201,Lançamentos!$B$2:$B$201,$A5,Lançamentos!$E$2:$E$201,"Despesa",Lançamentos!$A$2:$A$201,">="&DATE(Painel!$B$2,2,1),Lançamentos!$A$2:$A$201,"<="&EOMONTH(DATE(Painel!$B$2,2,1),0)) | D5: =SUMIFS(Lançamentos!$G$2:$G$201,Lançamentos!$B$2:$B$201,$A5,Lançamentos!$E$2:$E$201,"Despesa",Lançamentos!$A$2:$A$201,">="&DATE(Painel!$B$2,3,1),Lançamentos!$A$2:$A$201,"<="&EOMONTH(DATE(Painel!$B$2,3,1),0)) | E5: =SUMIFS(Lançamentos!$G$2:$G$201,Lançamentos!$B$2:$B$201,$A5,Lançamentos!$E$2:$E$201,"Despesa",Lançamentos!$A$2:$A$201,">="&DATE(Painel!$B$2,4,1),Lançamentos!$A$2:$A$201,"<="&EOMONTH(DATE(Painel!$B$2,4,1),0)) | F5: =SUMIFS(Lançamentos!$G$2:$G$201,Lançamentos!$B$2:$B$201,$A5,Lançamentos!$E$2:$E$201,"Despesa",Lançamentos!$A$2:$A$201,">="&DATE(Painel!$B$2,5,1),Lançamentos!$A$2:$A$201,"<="&EOMONTH(DATE(Painel!$B$2,5,1),0)) | G5: =SUMIFS(Lançamentos!$G$2:$G$201,Lançamentos!$B$2:$B$201,$A5,Lançamentos!$E$2:$E$201,"Despesa",Lançamentos!$A$2:$A$201,">="&DATE(Painel!$B$2,6,1),Lançamentos!$A$2:$A$201,"<="&EOMONTH(DATE(Painel!$B$2,6,1),0)) | H5: =SUMIFS(Lançamentos!$G$2:$G$201,Lançamentos!$B$2:$B$201,$A5,Lançamentos!$E$2:$E$201,"Despesa",Lançamentos!$A$2:$A$201,">="&DATE(Painel!$B$2,7,1),Lançamentos!$A$2:$A$201,"<="&EOMONTH(DATE(Painel!$B$2,7,1),0)) | I5: =SUMIFS(Lançamentos!$G$2:$G$201,Lançamentos!$B$2:$B$201,$A5,Lançamentos!$E$2:$E$201,"Despesa",Lançamentos!$A$2:$A$201,">="&DATE(Painel!$B$2,8,1),Lançamentos!$A$2:$A$201,"<="&EOMONTH(DATE(Painel!$B$2,8,1),0)) | J5: =SUMIFS(Lançamentos!$G$2:$G$201,Lançamentos!$B$2:$B$201,$A5,Lançamentos!$E$2:$E$201,"Despesa",Lançamentos!$A$2:$A$201,">="&DATE(Painel!$B$2,9,1),Lançamentos!$A$2:$A$201,"<="&EOMONTH(DATE(Painel!$B$2,9,1),0)) | K5: =SUMIFS(Lançamentos!$G$2:$G$201,Lançamentos!$B$2:$B$201,$A5,Lançamentos!$E$2:$E$201,"Despesa",Lançamentos!$A$2:$A$201,">="&DATE(Painel!$B$2,10,1),Lançamentos!$A$2:$A$201,"<="&EOMONTH(DATE(Painel!$B$2,10,1),0)) | L5: =SUMIFS(Lançamentos!$G$2:$G$201,Lançamentos!$B$2:$B$201,$A5,Lançamentos!$E$2:$E$201,"Despesa",Lançamentos!$A$2:$A$201,">="&DATE(Painel!$B$2,11,1),Lançamentos!$A$2:$A$201,"<="&EOMONTH(DATE(Painel!$B$2,11,1),0)) | M5: =SUMIFS(Lançamentos!$G$2:$G$201,Lançamentos!$B$2:$B$201,$A5,Lançamentos!$E$2:$E$201,"Despesa",Lançamentos!$A$2:$A$201,">="&DATE(Painel!$B$2,12,1),Lançamentos!$A$2:$A$201,"<="&EOMONTH(DATE(Painel!$B$2,12,1),0)) | N5: =SUM(B5:M5)
A6: Saúde | B6: =SUMIFS(Lançamentos!$G$2:$G$201,Lançamentos!$B$2:$B$201,$A6,Lançamentos!$E$2:$E$201,"Despesa",Lançamentos!$A$2:$A$201,">="&DATE(Painel!$B$2,1,1),Lançamentos!$A$2:$A$201,"<="&EOMONTH(DATE(Painel!$B$2,1,1),0)) | C6: =SUMIFS(Lançamentos!$G$2:$G$201,Lançamentos!$B$2:$B$201,$A6,Lançamentos!$E$2:$E$201,"Despesa",Lançamentos!$A$2:$A$201,">="&DATE(Painel!$B$2,2,1),Lançamentos!$A$2:$A$201,"<="&EOMONTH(DATE(Painel!$B$2,2,1),0)) | D6: =SUMIFS(Lançamentos!$G$2:$G$201,Lançamentos!$B$2:$B$201,$A6,Lançamentos!$E$2:$E$201,"Despesa",Lançamentos!$A$2:$A$201,">="&DATE(Painel!$B$2,3,1),Lançamentos!$A$2:$A$201,"<="&EOMONTH(DATE(Painel!$B$2,3,1),0)) | E6: =SUMIFS(Lançamentos!$G$2:$G$201,Lançamentos!$B$2:$B$201,$A6,Lançamentos!$E$2:$E$201,"Despesa",Lançamentos!$A$2:$A$201,">="&DATE(Painel!$B$2,4,1),Lançamentos!$A$2:$A$201,"<="&EOMONTH(DATE(Painel!$B$2,4,1),0)) | F6: =SUMIFS(Lançamentos!$G$2:$G$201,Lançamentos!$B$2:$B$201,$A6,Lançamentos!$E$2:$E$201,"Despesa",Lançamentos!$A$2:$A$201,">="&DATE(Painel!$B$2,5,1),Lançamentos!$A$2:$A$201,"<="&EOMONTH(DATE(Painel!$B$2,5,1),0)) | G6: =SUMIFS(Lançamentos!$G$2:$G$201,Lançamentos!$B$2:$B$201,$A6,Lançamentos!$E$2:$E$201,"Despesa",Lançamentos!$A$2:$A$201,">="&DATE(Painel!$B$2,6,1),Lançamentos!$A$2:$A$201,"<="&EOMONTH(DATE(Painel!$B$2,6,1),0)) | H6: =SUMIFS(Lançamentos!$G$2:$G$201,Lançamentos!$B$2:$B$201,$A6,Lançamentos!$E$2:$E$201,"Despesa",Lançamentos!$A$2:$A$201,">="&DATE(Painel!$B$2,7,1),Lançamentos!$A$2:$A$201,"<="&EOMONTH(DATE(Painel!$B$2,7,1),0)) | I6: =SUMIFS(Lançamentos!$G$2:$G$201,Lançamentos!$B$2:$B$201,$A6,Lançamentos!$E$2:$E$201,"Despesa",Lançamentos!$A$2:$A$201,">="&DATE(Painel!$B$2,8,1),Lançamentos!$A$2:$A$201,"<="&EOMONTH(DATE(Painel!$B$2,8,1),0)) | J6: =SUMIFS(Lançamentos!$G$2:$G$201,Lançamentos!$B$2:$B$201,$A6,Lançamentos!$E$2:$E$201,"Despesa",Lançamentos!$A$2:$A$201,">="&DATE(Painel!$B$2,9,1),Lançamentos!$A$2:$A$201,"<="&EOMONTH(DATE(Painel!$B$2,9,1),0)) | K6: =SUMIFS(Lançamentos!$G$2:$G$201,Lançamentos!$B$2:$B$201,$A6,Lançamentos!$E$2:$E$201,"Despesa",Lançamentos!$A$2:$A$201,">="&DATE(Painel!$B$2,10,1),Lançamentos!$A$2:$A$201,"<="&EOMONTH(DATE(Painel!$B$2,10,1),0)) | L6: =SUMIFS(Lançamentos!$G$2:$G$201,Lançamentos!$B$2:$B$201,$A6,Lançamentos!$E$2:$E$201,"Despesa",Lançamentos!$A$2:$A$201,">="&DATE(Painel!$B$2,11,1),Lançamentos!$A$2:$A$201,"<="&EOMONTH(DATE(Painel!$B$2,11,1),0)) | M6: =SUMIFS(Lançamentos!$G$2:$G$201,Lançamentos!$B$2:$B$201,$A6,Lançamentos!$E$2:$E$201,"Despesa",Lançamentos!$A$2:$A$201,">="&DATE(Painel!$B$2,12,1),Lançamentos!$A$2:$A$201,"<="&EOMONTH(DATE(Painel!$B$2,12,1),0)) | N6: =SUM(B6:M6)
A7: Educação | B7: =SUMIFS(Lançamentos!$G$2:$G$201,Lançamentos!$B$2:$B$201,$A7,Lançamentos!$E$2:$E$201,"Despesa",Lançamentos!$A$2:$A$201,">="&DATE(Painel!$B$2,1,1),Lançamentos!$A$2:$A$201,"<="&EOMONTH(DATE(Painel!$B$2,1,1),0)) | C7: =SUMIFS(Lançamentos!$G$2:$G$201,Lançamentos!$B$2:$B$201,$A7,Lançamentos!$E$2:$E$201,"Despesa",Lançamentos!$A$2:$A$201,">="&DATE(Painel!$B$2,2,1),Lançamentos!$A$2:$A$201,"<="&EOMONTH(DATE(Painel!$B$2,2,1),0)) | D7: =SUMIFS(Lançamentos!$G$2:$G$201,Lançamentos!$B$2:$B$201,$A7,Lançamentos!$E$2:$E$201,"Despesa",Lançamentos!$A$2:$A$201,">="&DATE(Painel!$B$2,3,1),Lançamentos!$A$2:$A$201,"<="&EOMONTH(DATE(Painel!$B$2,3,1),0)) | E7: =SUMIFS(Lançamentos!$G$2:$G$201,Lançamentos!$B$2:$B$201,$A7,Lançamentos!$E$2:$E$201,"Despesa",Lançamentos!$A$2:$A$201,">="&DATE(Painel!$B$2,4,1),Lançamentos!$A$2:$A$201,"<="&EOMONTH(DATE(Painel!$B$2,4,1),0)) | F7: =SUMIFS(Lançamentos!$G$2:$G$201,Lançamentos!$B$2:$B$201,$A7,Lançamentos!$E$2:$E$201,"Despesa",Lançamentos!$A$2:$A$201,">="&DATE(Painel!$B$2,5,1),Lançamentos!$A$2:$A$201,"<="&EOMONTH(DATE(Painel!$B$2,5,1),0)) | G7: =SUMIFS(Lançamentos!$G$2:$G$201,Lançamentos!$B$2:$B$201,$A7,Lançamentos!$E$2:$E$201,"Despesa",Lançamentos!$A$2:$A$201,">="&DATE(Painel!$B$2,6,1),Lançamentos!$A$2:$A$201,"<="&EOMONTH(DATE(Painel!$B$2,6,1),0)) | H7: =SUMIFS(Lançamentos!$G$2:$G$201,Lançamentos!$B$2:$B$201,$A7,Lançamentos!$E$2:$E$201,"Despesa",Lançamentos!$A$2:$A$201,">="&DATE(Painel!$B$2,7,1),Lançamentos!$A$2:$A$201,"<="&EOMONTH(DATE(Painel!$B$2,7,1),0)) | I7: =SUMIFS(Lançamentos!$G$2:$G$201,Lançamentos!$B$2:$B$201,$A7,Lançamentos!$E$2:$E$201,"Despesa",Lançamentos!$A$2:$A$201,">="&DATE(Painel!$B$2,8,1),Lançamentos!$A$2:$A$201,"<="&EOMONTH(DATE(Painel!$B$2,8,1),0)) | J7: =SUMIFS(Lançamentos!$G$2:$G$201,Lançamentos!$B$2:$B$201,$A7,Lançamentos!$E$2:$E$201,"Despesa",Lançamentos!$A$2:$A$201,">="&DATE(Painel!$B$2,9,1),Lançamentos!$A$2:$A$201,"<="&EOMONTH(DATE(Painel!$B$2,9,1),0)) | K7: =SUMIFS(Lançamentos!$G$2:$G$201,Lançamentos!$B$2:$B$201,$A7,Lançamentos!$E$2:$E$201,"Despesa",Lançamentos!$A$2:$A$201,">="&DATE(Painel!$B$2,10,1),Lançamentos!$A$2:$A$201,"<="&EOMONTH(DATE(Painel!$B$2,10,1),0)) | L7: =SUMIFS(Lançamentos!$G$2:$G$201,Lançamentos!$B$2:$B$201,$A7,Lançamentos!$E$2:$E$201,"Despesa",Lançamentos!$A$2:$A$201,">="&DATE(Painel!$B$2,11,1),Lançamentos!$A$2:$A$201,"<="&EOMONTH(DATE(Painel!$B$2,11,1),0)) | M7: =SUMIFS(Lançamentos!$G$2:$G$201,Lançamentos!$B$2:$B$201,$A7,Lançamentos!$E$2:$E$201,"Despesa",Lançamentos!$A$2:$A$201,">="&DATE(Painel!$B$2,12,1),Lançamentos!$A$2:$A$201,"<="&EOMONTH(DATE(Painel!$B$2,12,1),0)) | N7: =SUM(B7:M7)
A8: Lazer | B8: =SUMIFS(Lançamentos!$G$2:$G$201,Lançamentos!$B$2:$B$201,$A8,Lançamentos!$E$2:$E$201,"Despesa",Lançamentos!$A$2:$A$201,">="&DATE(Painel!$B$2,1,1),Lançamentos!$A$2:$A$201,"<="&EOMONTH(DATE(Painel!$B$2,1,1),0)) | C8: =SUMIFS(Lançamentos!$G$2:$G$201,Lançamentos!$B$2:$B$201,$A8,Lançamentos!$E$2:$E$201,"Despesa",Lançamentos!$A$2:$A$201,">="&DATE(Painel!$B$2,2,1),Lançamentos!$A$2:$A$201,"<="&EOMONTH(DATE(Painel!$B$2,2,1),0)) | D8: =SUMIFS(Lançamentos!$G$2:$G$201,Lançamentos!$B$2:$B$201,$A8,Lançamentos!$E$2:$E$201,"Despesa",Lançamentos!$A$2:$A$201,">="&DATE(Painel!$B$2,3,1),Lançamentos!$A$2:$A$201,"<="&EOMONTH(DATE(Painel!$B$2,3,1),0)) | E8: =SUMIFS(Lançamentos!$G$2:$G$201,Lançamentos!$B$2:$B$201,$A8,Lançamentos!$E$2:$E$201,"Despesa",Lançamentos!$A$2:$A$201,">="&DATE(Painel!$B$2,4,1),Lançamentos!$A$2:$A$201,"<="&EOMONTH(DATE(Painel!$B$2,4,1),0)) | F8: =SUMIFS(Lançamentos!$G$2:$G$201,Lançamentos!$B$2:$B$201,$A8,Lançamentos!$E$2:$E$201,"Despesa",Lançamentos!$A$2:$A$201,">="&DATE(Painel!$B$2,5,1),Lançamentos!$A$2:$A$201,"<="&EOMONTH(DATE(Painel!$B$2,5,1),0)) | G8: =SUMIFS(Lançamentos!$G$2:$G$201,Lançamentos!$B$2:$B$201,$A8,Lançamentos!$E$2:$E$201,"Despesa",Lançamentos!$A$2:$A$201,">="&DATE(Painel!$B$2,6,1),Lançamentos!$A$2:$A$201,"<="&EOMONTH(DATE(Painel!$B$2,6,1),0)) | H8: =SUMIFS(Lançamentos!$G$2:$G$201,Lançamentos!$B$2:$B$201,$A8,Lançamentos!$E$2:$E$201,"Despesa",Lançamentos!$A$2:$A$201,">="&DATE(Painel!$B$2,7,1),Lançamentos!$A$2:$A$201,"<="&EOMONTH(DATE(Painel!$B$2,7,1),0)) | I8: =SUMIFS(Lançamentos!$G$2:$G$201,Lançamentos!$B$2:$B$201,$A8,Lançamentos!$E$2:$E$201,"Despesa",Lançamentos!$A$2:$A$201,">="&DATE(Painel!$B$2,8,1),Lançamentos!$A$2:$A$201,"<="&EOMONTH(DATE(Painel!$B$2,8,1),0)) | J8: =SUMIFS(Lançamentos!$G$2:$G$201,Lançamentos!$B$2:$B$201,$A8,Lançamentos!$E$2:$E$201,"Despesa",Lançamentos!$A$2:$A$201,">="&DATE(Painel!$B$2,9,1),Lançamentos!$A$2:$A$201,"<="&EOMONTH(DATE(Painel!$B$2,9,1),0)) | K8: =SUMIFS(Lançamentos!$G$2:$G$201,Lançamentos!$B$2:$B$201,$A8,Lançamentos!$E$2:$E$201,"Despesa",Lançamentos!$A$2:$A$201,">="&DATE(Painel!$B$2,10,1),Lançamentos!$A$2:$A$201,"<="&EOMONTH(DATE(Painel!$B$2,10,1),0)) | L8: =SUMIFS(Lançamentos!$G$2:$G$201,Lançamentos!$B$2:$B$201,$A8,Lançamentos!$E$2:$E$201,"Despesa",Lançamentos!$A$2:$A$201,">="&DATE(Painel!$B$2,11,1),Lançamentos!$A$2:$A$201,"<="&EOMONTH(DATE(Painel!$B$2,11,1),0)) | M8: =SUMIFS(Lançamentos!$G$2:$G$201,Lançamentos!$B$2:$B$201,$A8,Lançamentos!$E$2:$E$201,"Despesa",Lançamentos!$A$2:$A$201,">="&DATE(Painel!$B$2,12,1),Lançamentos!$A$2:$A$201,"<="&EOMONTH(DATE(Painel!$B$2,12,1),0)) | N8: =SUM(B8:M8)
A9: Compras | B9: =SUMIFS(Lançamentos!$G$2:$G$201,Lançamentos!$B$2:$B$201,$A9,Lançamentos!$E$2:$E$201,"Despesa",Lançamentos!$A$2:$A$201,">="&DATE(Painel!$B$2,1,1),Lançamentos!$A$2:$A$201,"<="&EOMONTH(DATE(Painel!$B$2,1,1),0)) | C9: =SUMIFS(Lançamentos!$G$2:$G$201,Lançamentos!$B$2:$B$201,$A9,Lançamentos!$E$2:$E$201,"Despesa",Lançamentos!$A$2:$A$201,">="&DATE(Painel!$B$2,2,1),Lançamentos!$A$2:$A$201,"<="&EOMONTH(DATE(Painel!$B$2,2,1),0)) | D9: =SUMIFS(Lançamentos!$G$2:$G$201,Lançamentos!$B$2:$B$201,$A9,Lançamentos!$E$2:$E$201,"Despesa",Lançamentos!$A$2:$A$201,">="&DATE(Painel!$B$2,3,1),Lançamentos!$A$2:$A$201,"<="&EOMONTH(DATE(Painel!$B$2,3,1),0)) | E9: =SUMIFS(Lançamentos!$G$2:$G$201,Lançamentos!$B$2:$B$201,$A9,Lançamentos!$E$2:$E$201,"Despesa",Lançamentos!$A$2:$A$201,">="&DATE(Painel!$B$2,4,1),Lançamentos!$A$2:$A$201,"<="&EOMONTH(DATE(Painel!$B$2,4,1),0)) | F9: =SUMIFS(Lançamentos!$G$2:$G$201,Lançamentos!$B$2:$B$201,$A9,Lançamentos!$E$2:$E$201,"Despesa",Lançamentos!$A$2:$A$201,">="&DATE(Painel!$B$2,5,1),Lançamentos!$A$2:$A$201,"<="&EOMONTH(DATE(Painel!$B$2,5,1),0)) | G9: =SUMIFS(Lançamentos!$G$2:$G$201,Lançamentos!$B$2:$B$201,$A9,Lançamentos!$E$2:$E$201,"Despesa",Lançamentos!$A$2:$A$201,">="&DATE(Painel!$B$2,6,1),Lançamentos!$A$2:$A$201,"<="&EOMONTH(DATE(Painel!$B$2,6,1),0)) | H9: =SUMIFS(Lançamentos!$G$2:$G$201,Lançamentos!$B$2:$B$201,$A9,Lançamentos!$E$2:$E$201,"Despesa",Lançamentos!$A$2:$A$201,">="&DATE(Painel!$B$2,7,1),Lançamentos!$A$2:$A$201,"<="&EOMONTH(DATE(Painel!$B$2,7,1),0)) | I9: =SUMIFS(Lançamentos!$G$2:$G$201,Lançamentos!$B$2:$B$201,$A9,Lançamentos!$E$2:$E$201,"Despesa",Lançamentos!$A$2:$A$201,">="&DATE(Painel!$B$2,8,1),Lançamentos!$A$2:$A$201,"<="&EOMONTH(DATE(Painel!$B$2,8,1),0)) | J9: =SUMIFS(Lançamentos!$G$2:$G$201,Lançamentos!$B$2:$B$201,$A9,Lançamentos!$E$2:$E$201,"Despesa",Lançamentos!$A$2:$A$201,">="&DATE(Painel!$B$2,9,1),Lançamentos!$A$2:$A$201,"<="&EOMONTH(DATE(Painel!$B$2,9,1),0)) | K9: =SUMIFS(Lançamentos!$G$2:$G$201,Lançamentos!$B$2:$B$201,$A9,Lançamentos!$E$2:$E$201,"Despesa",Lançamentos!$A$2:$A$201,">="&DATE(Painel!$B$2,10,1),Lançamentos!$A$2:$A$201,"<="&EOMONTH(DATE(Painel!$B$2,10,1),0)) | L9: =SUMIFS(Lançamentos!$G$2:$G$201,Lançamentos!$B$2:$B$201,$A9,Lançamentos!$E$2:$E$201,"Despesa",Lançamentos!$A$2:$A$201,">="&DATE(Painel!$B$2,11,1),Lançamentos!$A$2:$A$201,"<="&EOMONTH(DATE(Painel!$B$2,11,1),0)) | M9: =SUMIFS(Lançamentos!$G$2:$G$201,Lançamentos!$B$2:$B$201,$A9,Lançamentos!$E$2:$E$201,"Despesa",Lançamentos!$A$2:$A$201,">="&DATE(Painel!$B$2,12,1),Lançamentos!$A$2:$A$201,"<="&EOMONTH(DATE(Painel!$B$2,12,1),0)) | N9: =SUM(B9:M9)
A10: Contas e Serviços | B10: =SUMIFS(Lançamentos!$G$2:$G$201,Lançamentos!$B$2:$B$201,$A10,Lançamentos!$E$2:$E$201,"Despesa",Lançamentos!$A$2:$A$201,">="&DATE(Painel!$B$2,1,1),Lançamentos!$A$2:$A$201,"<="&EOMONTH(DATE(Painel!$B$2,1,1),0)) | C10: =SUMIFS(Lançamentos!$G$2:$G$201,Lançamentos!$B$2:$B$201,$A10,Lançamentos!$E$2:$E$201,"Despesa",Lançamentos!$A$2:$A$201,">="&DATE(Painel!$B$2,2,1),Lançamentos!$A$2:$A$201,"<="&EOMONTH(DATE(Painel!$B$2,2,1),0)) | D10: =SUMIFS(Lançamentos!$G$2:$G$201,Lançamentos!$B$2:$B$201,$A10,Lançamentos!$E$2:$E$201,"Despesa",Lançamentos!$A$2:$A$201,">="&DATE(Painel!$B$2,3,1),Lançamentos!$A$2:$A$201,"<="&EOMONTH(DATE(Painel!$B$2,3,1),0)) | E10: =SUMIFS(Lançamentos!$G$2:$G$201,Lançamentos!$B$2:$B$201,$A10,Lançamentos!$E$2:$E$201,"Despesa",Lançamentos!$A$2:$A$201,">="&DATE(Painel!$B$2,4,1),Lançamentos!$A$2:$A$201,"<="&EOMONTH(DATE(Painel!$B$2,4,1),0)) | F10: =SUMIFS(Lançamentos!$G$2:$G$201,Lançamentos!$B$2:$B$201,$A10,Lançamentos!$E$2:$E$201,"Despesa",Lançamentos!$A$2:$A$201,">="&DATE(Painel!$B$2,5,1),Lançamentos!$A$2:$A$201,"<="&EOMONTH(DATE(Painel!$B$2,5,1),0)) | G10: =SUMIFS(Lançamentos!$G$2:$G$201,Lançamentos!$B$2:$B$201,$A10,Lançamentos!$E$2:$E$201,"Despesa",Lançamentos!$A$2:$A$201,">="&DATE(Painel!$B$2,6,1),Lançamentos!$A$2:$A$201,"<="&EOMONTH(DATE(Painel!$B$2,6,1),0)) | H10: =SUMIFS(Lançamentos!$G$2:$G$201,Lançamentos!$B$2:$B$201,$A10,Lançamentos!$E$2:$E$201,"Despesa",Lançamentos!$A$2:$A$201,">="&DATE(Painel!$B$2,7,1),Lançamentos!$A$2:$A$201,"<="&EOMONTH(DATE(Painel!$B$2,7,1),0)) | I10: =SUMIFS(Lançamentos!$G$2:$G$201,Lançamentos!$B$2:$B$201,$A10,Lançamentos!$E$2:$E$201,"Despesa",Lançamentos!$A$2:$A$201,">="&DATE(Painel!$B$2,8,1),Lançamentos!$A$2:$A$201,"<="&EOMONTH(DATE(Painel!$B$2,8,1),0)) | J10: =SUMIFS(Lançamentos!$G$2:$G$201,Lançamentos!$B$2:$B$201,$A10,Lançamentos!$E$2:$E$201,"Despesa",Lançamentos!$A$2:$A$201,">="&DATE(Painel!$B$2,9,1),Lançamentos!$A$2:$A$201,"<="&EOMONTH(DATE(Painel!$B$2,9,1),0)) | K10: =SUMIFS(Lançamentos!$G$2:$G$201,Lançamentos!$B$2:$B$201,$A10,Lançamentos!$E$2:$E$201,"Despesa",Lançamentos!$A$2:$A$201,">="&DATE(Painel!$B$2,10,1),Lançamentos!$A$2:$A$201,"<="&EOMONTH(DATE(Painel!$B$2,10,1),0)) | L10: =SUMIFS(Lançamentos!$G$2:$G$201,Lançamentos!$B$2:$B$201,$A10,Lançamentos!$E$2:$E$201,"Despesa",Lançamentos!$A$2:$A$201,">="&DATE(Painel!$B$2,11,1),Lançamentos!$A$2:$A$201,"<="&EOMONTH(DATE(Painel!$B$2,11,1),0)) | M10: =SUMIFS(Lançamentos!$G$2:$G$201,Lançamentos!$B$2:$B$201,$A10,Lançamentos!$E$2:$E$201,"Despesa",Lançamentos!$A$2:$A$201,">="&DATE(Painel!$B$2,12,1),Lançamentos!$A$2:$A$201,"<="&EOMONTH(DATE(Painel!$B$2,12,1),0)) | N10: =SUM(B10:M10)
A11: Outros | B11: =SUMIFS(Lançamentos!$G$2:$G$201,Lançamentos!$B$2:$B$201,$A11,Lançamentos!$E$2:$E$201,"Despesa",Lançamentos!$A$2:$A$201,">="&DATE(Painel!$B$2,1,1),Lançamentos!$A$2:$A$201,"<="&EOMONTH(DATE(Painel!$B$2,1,1),0)) | C11: =SUMIFS(Lançamentos!$G$2:$G$201,Lançamentos!$B$2:$B$201,$A11,Lançamentos!$E$2:$E$201,"Despesa",Lançamentos!$A$2:$A$201,">="&DATE(Painel!$B$2,2,1),Lançamentos!$A$2:$A$201,"<="&EOMONTH(DATE(Painel!$B$2,2,1),0)) | D11: =SUMIFS(Lançamentos!$G$2:$G$201,Lançamentos!$B$2:$B$201,$A11,Lançamentos!$E$2:$E$201,"Despesa",Lançamentos!$A$2:$A$201,">="&DATE(Painel!$B$2,3,1),Lançamentos!$A$2:$A$201,"<="&EOMONTH(DATE(Painel!$B$2,3,1),0)) | E11: =SUMIFS(Lançamentos!$G$2:$G$201,Lançamentos!$B$2:$B$201,$A11,Lançamentos!$E$2:$E$201,"Despesa",Lançamentos!$A$2:$A$201,">="&DATE(Painel!$B$2,4,1),Lançamentos!$A$2:$A$201,"<="&EOMONTH(DATE(Painel!$B$2,4,1),0)) | F11: =SUMIFS(Lançamentos!$G$2:$G$201,Lançamentos!$B$2:$B$201,$A11,Lançamentos!$E$2:$E$201,"Despesa",Lançamentos!$A$2:$A$201,">="&DATE(Painel!$B$2,5,1),Lançamentos!$A$2:$A$201,"<="&EOMONTH(DATE(Painel!$B$2,5,1),0)) | G11: =SUMIFS(Lançamentos!$G$2:$G$201,Lançamentos!$B$2:$B$201,$A11,Lançamentos!$E$2:$E$201,"Despesa",Lançamentos!$A$2:$A$201,">="&DATE(Painel!$B$2,6,1),Lançamentos!$A$2:$A$201,"<="&EOMONTH(DATE(Painel!$B$2,6,1),0)) | H11: =SUMIFS(Lançamentos!$G$2:$G$201,Lançamentos!$B$2:$B$201,$A11,Lançamentos!$E$2:$E$201,"Despesa",Lançamentos!$A$2:$A$201,">="&DATE(Painel!$B$2,7,1),Lançamentos!$A$2:$A$201,"<="&EOMONTH(DATE(Painel!$B$2,7,1),0)) | I11: =SUMIFS(Lançamentos!$G$2:$G$201,Lançamentos!$B$2:$B$201,$A11,Lançamentos!$E$2:$E$201,"Despesa",Lançamentos!$A$2:$A$201,">="&DATE(Painel!$B$2,8,1),Lançamentos!$A$2:$A$201,"<="&EOMONTH(DATE(Painel!$B$2,8,1),0)) | J11: =SUMIFS(Lançamentos!$G$2:$G$201,Lançamentos!$B$2:$B$201,$A11,Lançamentos!$E$2:$E$201,"Despesa",Lançamentos!$A$2:$A$201,">="&DATE(Painel!$B$2,9,1),Lançamentos!$A$2:$A$201,"<="&EOMONTH(DATE(Painel!$B$2,9,1),0)) | K11: =SUMIFS(Lançamentos!$G$2:$G$201,Lançamentos!$B$2:$B$201,$A11,Lançamentos!$E$2:$E$201,"Despesa",Lançamentos!$A$2:$A$201,">="&DATE(Painel!$B$2,10,1),Lançamentos!$A$2:$A$201,"<="&EOMONTH(DATE(Painel!$B$2,10,1),0)) | L11: =SUMIFS(Lançamentos!$G$2:$G$201,Lançamentos!$B$2:$B$201,$A11,Lançamentos!$E$2:$E$201,"Despesa",Lançamentos!$A$2:$A$201,">="&DATE(Painel!$B$2,11,1),Lançamentos!$A$2:$A$201,"<="&EOMONTH(DATE(Painel!$B$2,11,1),0)) | M11: =SUMIFS(Lançamentos!$G$2:$G$201,Lançamentos!$B$2:$B$201,$A11,Lançamentos!$E$2:$E$201,"Despesa",Lançamentos!$A$2:$A$201,">="&DATE(Painel!$B$2,12,1),Lançamentos!$A$2:$A$201,"<="&EOMONTH(DATE(Painel!$B$2,12,1),0)) | N11: =SUM(B11:M11)
A12: Total | B12: =SUM(B3:B11) | C12: =SUM(C3:C11) | D12: =SUM(D3:D11) | E12: =SUM(E3:E11) | F12: =SUM(F3:F11) | G12: =SUM(G3:G11) | H12: =SUM(H3:H11) | I12: =SUM(I3:I11) | ... N12: =SUM(N3:N11)

Sheet Metas de Economia
A1: Meta de economia mensal
A2: Mês | B2: Receitas | C2: Despesas | D2: Economia Real | E2: Meta | F2: % da Meta | H2: Meta mensal (R$) | I2: 500
A3: Jan | B3: =SUMIFS(Lançamentos!$G$2:$G$201,Lançamentos!$E$2:$E$201,"Receita",Lançamentos!$A$2:$A$201,">="&DATE(Painel!$B$2,1,1),Lançamentos!$A$2:$A$201,"<="&EOMONTH(DATE(Painel!$B$2,1,1),0)) | C3: =SUMIFS(Lançamentos!$G$2:$G$201,Lançamentos!$E$2:$E$201,"Despesa",Lançamentos!$A$2:$A$201,">="&DATE(Painel!$B$2,1,1),Lançamentos!$A$2:$A$201,"<="&EOMONTH(DATE(Painel!$B$2,1,1),0)) | D3: =B3-C3 | E3: =$I$2 | F3: =IFERROR(D3/E3,0)
A4: Fev | B4: =SUMIFS(Lançamentos!$G$2:$G$201,Lançamentos!$E$2:$E$201,"Receita",Lançamentos!$A$2:$A$201,">="&DATE(Painel!$B$2,2,1),Lançamentos!$A$2:$A$201,"<="&EOMONTH(DATE(Painel!$B$2,2,1),0)) | C4: =SUMIFS(Lançamentos!$G$2:$G$201,Lançamentos!$E$2:$E$201,"Despesa",Lançamentos!$A$2:$A$201,">="&DATE(Painel!$B$2,2,1),Lançamentos!$A$2:$A$201,"<="&EOMONTH(DATE(Painel!$B$2,2,1),0)) | D4: =B4-C4 | E4: =$I$2 | F4: =IFERROR(D4/E4,0)
A5: Mar | B5: =SUMIFS(Lançamentos!$G$2:$G$201,Lançamentos!$E$2:$E$201,"Receita",Lançamentos!$A$2:$A$201,">="&DATE(Painel!$B$2,3,1),Lançamentos!$A$2:$A$201,"<="&EOMONTH(DATE(Painel!$B$2,3,1),0)) | C5: =SUMIFS(Lançamentos!$G$2:$G$201,Lançamentos!$E$2:$E$201,"Despesa",Lançamentos!$A$2:$A$201,">="&DATE(Painel!$B$2,3,1),Lançamentos!$A$2:$A$201,"<="&EOMONTH(DATE(Painel!$B$2,3,1),0)) | D5: =B5-C5 | E5: =$I$2 | F5: =IFERROR(D5/E5,0)
A6: Abr | B6: =SUMIFS(Lançamentos!$G$2:$G$201,Lançamentos!$E$2:$E$201,"Receita",Lançamentos!$A$2:$A$201,">="&DATE(Painel!$B$2,4,1),Lançamentos!$A$2:$A$201,"<="&EOMONTH(DATE(Painel!$B$2,4,1),0)) | C6: =SUMIFS(Lançamentos!$G$2:$G$201,Lançamentos!$E$2:$E$201,"Despesa",Lançamentos!$A$2:$A$201,">="&DATE(Painel!$B$2,4,1),Lançamentos!$A$2:$A$201,"<="&EOMONTH(DATE(Painel!$B$2,4,1),0)) | D6: =B6-C6 | E6: =$I$2 | F6: =IFERROR(D6/E6,0)
A7: Mai | B7: =SUMIFS(Lançamentos!$G$2:$G$201,Lançamentos!$E$2:$E$201,"Receita",Lançamentos!$A$2:$A$201,">="&DATE(Painel!$B$2,5,1),Lançamentos!$A$2:$A$201,"<="&EOMONTH(DATE(Painel!$B$2,5,1),0)) | C7: =SUMIFS(Lançamentos!$G$2:$G$201,Lançamentos!$E$2:$E$201,"Despesa",Lançamentos!$A$2:$A$201,">="&DATE(Painel!$B$2,5,1),Lançamentos!$A$2:$A$201,"<="&EOMONTH(DATE(Painel!$B$2,5,1),0)) | D7: =B7-C7 | E7: =$I$2 | F7: =IFERROR(D7/E7,0)
A8: Jun | B8: =SUMIFS(Lançamentos!$G$2:$G$201,Lançamentos!$E$2:$E$201,"Receita",Lançamentos!$A$2:$A$201,">="&DATE(Painel!$B$2,6,1),Lançamentos!$A$2:$A$201,"<="&EOMONTH(DATE(Painel!$B$2,6,1),0)) | C8: =SUMIFS(Lançamentos!$G$2:$G$201,Lançamentos!$E$2:$E$201,"Despesa",Lançamentos!$A$2:$A$201,">="&DATE(Painel!$B$2,6,1),Lançamentos!$A$2:$A$201,"<="&EOMONTH(DATE(Painel!$B$2,6,1),0)) | D8: =B8-C8 | E8: =$I$2 | F8: =IFERROR(D8/E8,0)
A9: Jul | B9: =SUMIFS(Lançamentos!$G$2:$G$201,Lançamentos!$E$2:$E$201,"Receita",Lançamentos!$A$2:$A$201,">="&DATE(Painel!$B$2,7,1),Lançamentos!$A$2:$A$201,"<="&EOMONTH(DATE(Painel!$B$2,7,1),0)) | C9: =SUMIFS(Lançamentos!$G$2:$G$201,Lançamentos!$E$2:$E$201,"Despesa",Lançamentos!$A$2:$A$201,">="&DATE(Painel!$B$2,7,1),Lançamentos!$A$2:$A$201,"<="&EOMONTH(DATE(Painel!$B$2,7,1),0)) | D9: =B9-C9 | E9: =$I$2 | F9: =IFERROR(D9/E9,0)
A10: Ago | B10: =SUMIFS(Lançamentos!$G$2:$G$201,Lançamentos!$E$2:$E$201,"Receita",Lançamentos!$A$2:$A$201,">="&DATE(Painel!$B$2,8,1),Lançamentos!$A$2:$A$201,"<="&EOMONTH(DATE(Painel!$B$2,8,1),0)) | C10: =SUMIFS(Lançamentos!$G$2:$G$201,Lançamentos!$E$2:$E$201,"Despesa",Lançamentos!$A$2:$A$201,">="&DATE(Painel!$B$2,8,1),Lançamentos!$A$2:$A$201,"<="&EOMONTH(DATE(Painel!$B$2,8,1),0)) | D10: =B10-C10 | E10: =$I$2 | F10: =IFERROR(D10/E10,0)
A11: Set | B11: =SUMIFS(Lançamentos!$G$2:$G$201,Lançamentos!$E$2:$E$201,"Receita",Lançamentos!$A$2:$A$201,">="&DATE(Painel!$B$2,9,1),Lançamentos!$A$2:$A$201,"<="&EOMONTH(DATE(Painel!$B$2,9,1),0)) | C11: =SUMIFS(Lançamentos!$G$2:$G$201,Lançamentos!$E$2:$E$201,"Despesa",Lançamentos!$A$2:$A$201,">="&DATE(Painel!$B$2,9,1),Lançamentos!$A$2:$A$201,"<="&EOMONTH(DATE(Painel!$B$2,9,1),0)) | D11: =B11-C11 | E11: =$I$2 | F11: =IFERROR(D11/E11,0)
A12: Out | B12: =SUMIFS(Lançamentos!$G$2:$G$201,Lançamentos!$E$2:$E$201,"Receita",Lançamentos!$A$2:$A$201,">="&DATE(Painel!$B$2,10,1),Lançamentos!$A$2:$A$201,"<="&EOMONTH(DATE(Painel!$B$2,10,1),0)) | C12: =SUMIFS(Lançamentos!$G$2:$G$201,Lançamentos!$E$2:$E$201,"Despesa",Lançamentos!$A$2:$A$201,">="&DATE(Painel!$B$2,10,1),Lançamentos!$A$2:$A$201,"<="&EOMONTH(DATE(Painel!$B$2,10,1),0)) | D12: =B12-C12 | E12: =$I$2 | F12: =IFERROR(D12/E12,0)
A13: Nov | B13: =SUMIFS(Lançamentos!$G$2:$G$201,Lançamentos!$E$2:$E$201,"Receita",Lançamentos!$A$2:$A$201,">="&DATE(Painel!$B$2,11,1),Lançamentos!$A$2:$A$201,"<="&EOMONTH(DATE(Painel!$B$2,11,1),0)) | C13: =SUMIFS(Lançamentos!$G$2:$G$201,Lançamentos!$E$2:$E$201,"Despesa",Lançamentos!$A$2:$A$201,">="&DATE(Painel!$B$2,11,1),Lançamentos!$A$2:$A$201,"<="&EOMONTH(DATE(Painel!$B$2,11,1),0)) | D13: =B13-C13 | E13: =$I$2 | F13: =IFERROR(D13/E13,0)
A14: Dez | B14: =SUMIFS(Lançamentos!$G$2:$G$201,Lançamentos!$E$2:$E$201,"Receita",Lançamentos!$A$2:$A$201,">="&DATE(Painel!$B$2,12,1),Lançamentos!$A$2:$A$201,"<="&EOMONTH(DATE(Painel!$B$2,12,1),0)) | C14: =SUMIFS(Lançamentos!$G$2:$G$201,Lançamentos!$E$2:$E$201,"Despesa",Lançamentos!$A$2:$A$201,">="&DATE(Painel!$B$2,12,1),Lançamentos!$A$2:$A$201,"<="&EOMONTH(DATE(Painel!$B$2,12,1),0)) | D14: =B14-C14 | E14: =$I$2 | F14: =IFERROR(D14/E14,0)
